 Dungeon Crawl Stone Soup version 0.26.1-11-gd32895ea62 (webtiles) character file.

Game seed: 9795972500641775988

1678 BorisBritva322 the Ruffian (level 8, -56/79 HPs)
             Began as a Troll Monk on July 9, 2021.
             Was a Follower of Uskayaw.
             Annihilated by an enormous slime creature (81 damage)
             ... on level 8 of the Dungeon.
             The game lasted 00:27:05 (6059 turns).

BorisBritva322 the Ruffian (Troll Monk)             Turns: 6059, Time: 00:27:06

Health: -56/79     AC:  6    Str: 21      XL:     8   Next: 70%
Magic:  7/7        EV: 16    Int:  6      God:    Uskayaw [*.....]
Gold:   174        SH:  0    Dex: 12 (13) Spells: 7/7 levels left

rFire    . . .     SeeInvis .     - Unarmed
rCold    . . .     Faith    .   (no shield)
rNeg     . . .     Spirit   .   a - +0 robe
rPois    .         Reflect  .   (helmet restricted)
rElec    .         Harm     .   (no cloak)
rCorr    .         Rampage  .   (gloves unavailable)
Will     +....                  (boots unavailable)
Stlth    ++........             (no amulet)
HPRegen  0.63/turn              v - +4 ring of evasion
MPRegen  0.10/turn              w - ring of willpower

@: no status effects
A: large, unfitting armour, claws 3, regeneration 1, shaggy fur 1, tough skin 3
a: Renounce Religion, Stomp


You were on level 8 of the Dungeon.
You worshipped Uskayaw.
Uskayaw was noncommittal.
You visited 2 branches of the dungeon, and saw 9 of its levels.

You collected 419 gold pieces.
You spent 245 gold pieces at shops.

Inventory:

Armour
 a - a +0 robe (worn)
Jewellery
 f - an uncursed ring of stealth
 v - a +4 ring of evasion (left claw)
 w - a ring of willpower (right claw)
Wands
 m - a wand of acid (11)
Scrolls
 b - a scroll of immolation {unknown}
 c - 3 scrolls of remove curse
 d - 3 scrolls of teleportation
 e - 3 scrolls of fear {unknown}
 g - 2 scrolls of enchant armour {unknown}
 j - 2 scrolls of enchant weapon {unknown}
 p - a scroll of amnesia {unknown}
 t - a scroll of magic mapping {unknown}
Potions
 h - 2 potions of invisibility
 i - 4 potions of curing
 k - 2 potions of degeneration {unknown}
 l - a potion of flight {unknown}
 n - 2 potions of haste {unknown}
 o - a potion of mutation {unknown}
 q - 3 potions of brilliance
 r - a potion of resistance {unknown}
 s - a potion of lignification {unknown}
 u - a potion of heal wounds {unknown}


   Skills:
 + Level 4.8 Fighting
 + Level 5.2 Dodging
 + Level 2.9 Stealth
 + Level 7.5 Unarmed Combat


You had 7 spell levels left.
You didn't know any spells.
Your spell library was empty.

Dungeon Overview and Level Annotations

Branches:
Dungeon (8/15)             Temple (1/1) D:5
   Lair: D:8-11

Altars:
Ashenzari
Cheibriados
Dithmenos
Elyvilon
Fedhas
Gozag
Hepliaklqana
Kikubaaqudgha
Makhleb
Nemelex Xobeh
Okawaru
Qazlal
Ru
Sif Muna
Trog
Uskayaw
Vehumet
Wu Jian
Xom
Zin
The Shining One

Shops:
D:5 =


Innate Abilities, Weirdness & Mutations

You are too large for most types of armour.
You have claws for hands.
Your natural rate of healing is unusually fast.
You are covered in fur. (AC +1)
You have extremely tough skin. (AC +3)


Message History

You scratch the slime creature.
The slime creature is lightly wounded.
Two slime creatures merge to form a very large slime creature.
You feel better.
You are too injured to fight recklessly!
You mangle the very large slime creature!!
The very large slime creature is lightly wounded.
Two slime creatures merge to form an enormous slime creature.
You scratch the enormous slime creature.
The enormous slime creature is lightly wounded.
You scratch the enormous slime creature but do no damage.
The enormous slime creature is lightly wounded.
You barely miss the enormous slime creature.
The enormous slime creature is lightly wounded.
The enormous slime creature closely misses you.
You mangle the enormous slime creature!!
The enormous slime creature is moderately wounded.
The enormous slime creature hits you!!!!
Ouch! That really hurt!
You die...

#..................
#.................
####
#......##..###..#####
##..# .....
#..###..##..# +..[.
#### ##.......#)..#
#.... #........#)..#
#..#
#....##..##..######..#
#....##..##...........
#....@Jo.......(......
##...##......##..##...
######).....######...
#........# #....
#........# ##...
#..####### #..) ####
#######... #.........
#.........


You could see an enormous slime creature and an orc.

Vanquished Creatures
  A sky beast (D:7)
  An ice beast (D:5)
  A black bear (D:6)
  2 phantoms
  4 ogres
  A bullfrog (D:7)
  A wyvern zombie (D:8)
  2 scorpions
  A quasit (D:8)
  A centaur zombie (D:7)
  A jelly (D:5)
  2 orc priests
  A hound (D:6)
  2 bullfrog skeletons
  2 orc wizards (D:4)
  3 iguanas
  2 worker ants (D:6)
  A hound zombie (D:6)
  10 adders
  A shadow imp (D:5)
  A white imp (D:8)
  An ufetubus (D:5)
  2 oozes
  A worm (D:2)
  2 dart slugs
  7 leopard geckos
  18 orcs
  9 bats
  5 giant cockroaches
  5 goblins
  9 hobgoblins
  2 jackals (D:1)
  3 quokkas
  4 frilled lizards
  A jackal skeleton (D:6)
  11 kobolds
  5 rats
126 creatures vanquished.

Vanquished Creatures (others)
  A plant (D:4)
1 creature vanquished.

Grand Total: 127 creatures vanquished

Notes
Turn   | Place    | Note
-------+----------+-------------------------------------------
     0 | D:1      | BorisBritva322 the Troll Monk began the quest for the Orb.
     0 | D:1      | Reached XP level 1. HP: 22/22 MP: 0/0
   268 | D:1      | Reached XP level 2. HP: 29/29 MP: 1/1
  1059 | D:2      | Found a faded altar of an unknown god.
  1084 | D:2      | Reached XP level 3. HP: 36/36 MP: 2/2
  1098 | D:2      | Became a worshipper of Uskayaw the Reveller
  1098 | D:2      | Reached * piety under Uskayaw
  1098 | D:2      | Reached ** piety under Uskayaw
  1282 | D:2      | Reached *** piety under Uskayaw
  1332 | D:2      | Noticed a scorpion
  1336 | D:2      | Killed a scorpion
  1337 | D:2      | Reached skill level 4 in Unarmed Combat
  1337 | D:2      | Reached XP level 4. HP: 41/44 MP: 3/3
  1831 | D:3      | Reached XP level 5. HP: 52/52 MP: 4/4
  2286 | D:3      | Reached skill level 5 in Unarmed Combat
  3109 | D:4      | Reached XP level 6. HP: 61/61 MP: 5/5
  3375 | D:5      | Entered Level 5 of the Dungeon
  3391 | D:5      | Noticed an ice beast
  3408 | D:5      | Killed an ice beast
  3409 | D:5      | Reached skill level 6 in Unarmed Combat
  3666 | D:5      | Found a staircase to the Ecumenical Temple.
  3705 | D:5      | Reached XP level 7. HP: 56/67 MP: 6/6
  3729 | Temple   | Entered the Ecumenical Temple
  3896 | D:5      | Found Ixzya's Jewellery Boutique.
  3901 | D:5      | Bought an uncursed ring of stealth for 245 gold pieces
  4248 | D:6      | Reached **** piety under Uskayaw
  4376 | D:6      | Reached XP level 8. HP: 78/78 MP: 7/7
  4475 | D:6      | Found an iron altar of Okawaru.
  4918 | D:7      | Reached skill level 7 in Unarmed Combat
  5130 | D:7      | Found the +6 arbalest "Damnation" {damnation}
  5349 | D:7      | Reached skill level 5 in Dodging
  6019 | D:8      | Noticed a slime creature
  6019 | D:8      | Noticed a slime creature
  6019 | D:8      | Noticed a slime creature
  6020 | D:8      | Noticed a slime creature
  6059 | D:8      | Annihilated by an enormous slime creature

Illustrated notes

Levels and vault maps discovered:
D:1:      nagdon_arrival_zigzag_paths, layout_basic
D:2:      layout_basic, chequers_ecumenical_altar_simple_redux
D:3:      layout_loops_cross
D:4:      layout_basic, serial_bayou, serial_bayou_lake_a, serial_bayou_ford_a,
          serial_bayou_pond_a, serial_bayou_pond_c, serial_bayou_shore_b
D:5:      layout_rooms, minmay_temple_entry_poolview, serial_shops, shop
D:6:      layout_loops_ring, okawaru_trees_1
D:7:      layout_loops_ring
D:8:      layout_gridville, lemuel_zombie_altar_yredelemnul, uniq_grum
Temple:   nicolae_temple_the_god_donut

Skill      XL: |  1  2  3  4  5  6  7  8 |
---------------+-------------------------+-----
Dodging        | 3 4 5 |  5.2
Unarmed Combat | 4 5 6 7 |  7.5
Fighting       | 3 4 |  4.8
Stealth        | 2 |  2.9

Action                   |  1- 3 |  4- 6 |  7- 9 || total
-------------------------+-------+-------+-------++-------
Melee: Unarmed           |   100 |   143 |   156 ||   399
       Punch             |       |     3 |     6 ||     9
  Use: Scroll            |       |     4 |     2 ||     6
       Potion            |       |       |     1 ||     1
 Stab: Sleeping          |     4 |     7 |     9 ||    20
       Paralysed         |     1 |       |     2 ||     3
Armor: Robe              |    34 |    48 |    33 ||   115
Dodge: Dodged            |    54 |    54 |    79 ||   187
